AoeStats
← 神圣罗马帝国 | Holy Roman

African Clearing

510940438Analyzed
4v4 RM · 6h ago on Oct 3, 2026· 20m 54s· 8 players
Game mode
Random Map
Map size
Large (8 player)
Population
200
Speed
Normal
Resources
Standard
Victory
Conquest
Starting age
Dark Age
Ending age
Imperial Age
RankedLock teamsTeams togetherTeam positionsShared explorationLock speedFull tech treeHidden civsTurbo modeCheats
Victory
Defeat
🇹🇼 Varangians · Taiwan
1325
+15
🇨🇳 Magyars · China
1321
+15
🇰🇷 Japanese · South Korea
1319
+15
1298
+16
🇮🇹 Franks · Italy
1333
-17
🇮🇳 Vietnamese · India
1317
-16
🇲🇽 Malay · Mexico
1300
-15
🇨🇳 Turks · China
1254
-13
神圣罗马帝国 | Holy Roman
12:21 Feudal Age
13:02 Feudal Age
15:15 Double-Bit Axe
18:26 Castle Age
16:46 Stone Mining
20:01 Padded Archer Armor
kdu0687
11:31 Feudal Age
15:12 Loom
18:32 Fletching
22:09 Castle Age
20:58 Double-Bit Axe
TJU_NHBLUE
13:34 Feudal Age
14:43 Double-Bit Axe
17:38 Castle Age
16:22 Double-Bit Axe
16:22 Horse Collar
20:16 Bow Saw
20:46 Loom
KAWAE
12:33 Feudal Age
10:51 Loom
12:37 Feudal Age
16:41 Castle Age
14:38 Double-Bit Axe
15:32 Scale Mail Armor
16:29 Forging
17:40 Chain Mail Armor
17:12 Gambesons
18:06 Squires
varunalur2879
3:58 Loom
12:08 Feudal Age
12:56 Double-Bit Axe
15:28 Fletching
21:53 Castle Age
Bjorn Ironside
9:40 Loom
12:03 Feudal Age
11:37 Double-Bit Axe
12:33 Wheelbarrow
13:20 Horse Collar
19:34 Castle Age
19:36 Scale Barding Armor
Red Bull
7:05 Loom
16:52 Feudal Age
19:46 Town Watch
22:20 Castle Age
3YC
10:48 Loom
13:15 Feudal Age
14:37 Loom
18:05 Castle Age
17:21 Double-Bit Axe
19:13 Town Watch
Connection lost

Rejoining the realm…

Still unreachable

The connection could not be restored.

Session expired

The server has moved on; the page needs a fresh start.